 Dungeon Crawl Stone Soup version 0.31-a0-188-g5e087ee2ca (webtiles) character file.

Game seed: 12558779847360387187

1195 qw the Skirmisher (level 8, -2/45 HPs)
             Began as a Deep Elf Hunter on June 23, 2023.
             Was a Follower of Okawaru.
             Succumbed to a water moccasin's poison
             ... on level 6 of the Dungeon.
             The game lasted 00:02:01 (5382 turns).

qw the Skirmisher (Deep Elf Hunter)                 Turns: 5382, Time: 00:02:01

Health: -2/45      AC: 10    Str: 10    XL:     8   Next: 20%
Magic:  12/13      EV: 19    Int: 15    God:    Okawaru [*.....]
Gold:   185        SH:  0    Dex: 18    Spells: 7/7 levels left

rFire   . . .        Y - +1 shortbow (flame)
rCold   . . .        (shield currently unavailable)
rNeg    . . .        f - +0 ring mail
rPois   .            (no helmet)
rElec   .            j - +0 cloak
rCorr   .            d - +2 pair of gloves
SInv    .            (no boots)
Will    .....        (no amulet)
Stlth   +++          c - +5 ring of evasion
HPRegen 0.27/turn    (no ring)
MPRegen 0.13/turn

%: no passive effects
@: lethally poisoned (-2 -> -29), heroic
A: no striking features
a: Renounce Religion, Heroism


You were on level 6 of the Dungeon.
You worshipped Okawaru.
Okawaru was aware of your devotion.
You visited 2 branches of the dungeon, and saw 7 of its levels.

You collected 185 gold pieces.


   Skills:
 + Level 2.4(7.4) Fighting
 - Level 12.0(17.0) Ranged Weapons
 - Level 1.0(6.0) Armour
 - Level 3.2(8.2) Dodging
 - Level 1.2(6.2) Stealth
 - Level 4.0 Invocations


You had 7 spell levels left.
You didn't know any spells.
Your spell library was empty.

Inventory:

Hand Weapons
 Y - a +1 shortbow of flaming (weapon)
Armour
 d - a +2 pair of gloves (worn)
 f - a +0 ring mail (worn)
 j - a +0 cloak (worn)
Jewellery
 c - a +5 ring of evasion (left hand)
Scrolls
 a - a scroll of identify
 e - a scroll of revelation {unknown}
Potions
 b - a potion of curing
 i - a potion of enlightenment {unknown}
 l - a potion of mutation {unknown}

Dungeon Overview and Level Annotations

Branches:
Dungeon (6/15)             Temple (1/1) D:4

Altars:
Ashenzari
Dithmenos
Elyvilon
Fedhas
Gozag
Kikubaaqudgha
Nemelex Xobeh
Okawaru
Ru
Sif Muna
Uskayaw
Vehumet
Xom
Yredelemnul
The Shining One

Shops:
D:4 (

Annotations:
D:2 1 runed translucent door, Crazy Yiuf


Message History

The scorpion stings you but does no damage.
The orc wizard barely misses you. The orc hits you with a +0 short sword.
You shoot an arrow. The arrow hits the scorpion!
The arrow burns the scorpion.
You kill the scorpion!
Okawaru accepts your kill.
You feel sick.
The orc wizard casts a spell.
The orc wizard flickers and vanishes!
The orc misses you.
You shoot an arrow. The arrow hits the water moccasin!
The arrow burns the water moccasin.
The water moccasin is moderately wounded.
You feel sick.
You are no longer poisoned.
The water moccasin completely misses you.
You shoot an arrow.
The arrow barely misses the water moccasin.
The water moccasin bites you.
You are lethally poisoned!
The water moccasin poisons you! Something hits you but does no damage.
The orc barely misses you. The water moccasin closely misses you.
You shoot an arrow.
The arrow barely misses the water moccasin.
You feel very sick. Something barely misses you. The orc completely misses you.
The water moccasin barely misses you.
You shoot an arrow. The arrow hits the water moccasin.
The arrow burns the water moccasin.
The water moccasin is heavily wounded.
You feel very sick. The water moccasin barely misses you.
Something hits you but does no damage. The orc completely misses you.
You shoot an arrow.
The arrow closely misses the water moccasin.
You feel sick. The water moccasin bites you.
You are more poisoned.
The water moccasin poisons you! Something hits you. The orc misses you.
You shoot an arrow.
The arrow hits the water moccasin but does no damage.
The water moccasin is heavily wounded.
You die...

#.. ..... ... ...S
###.#### #o##... #
#......# #.#.$. ..
#.#.##.# #.#.. .##
#.#.##.# #.#)# .?..
###...##.####.#{##...##
#........#....{oS......
#.#..##.......#@#.#..#
#.#.............#
#....##.....>.<.#
#.#####........##
#.#####.#.....##
#.......##...## .
##.############ .##
......#.. ..# ...
##.##.#.# #.# #.######


You could see a water moccasin and an orc.

Vanquished Creatures
  A water moccasin (D:4)
  A centaur (D:5)
  2 phantoms
  2 necrophages (D:5)
  3 scorpions
  2 wights (D:5)
  2 howler monkeys
  A centaur zombie (D:5)
  A human zombie (D:5)
  A jelly (D:5)
  2 hounds
  Jessica (D:2)
  A scorpion zombie (D:5)
  2 hound zombies (D:5)
  2 mummies (D:5)
  3 adders
  3 worms
  3 dart slugs
  7 orcs
  8 ball pythons
  8 endoplasms
  5 giant cockroaches
  6 goblins
  3 hobgoblins (D:1)
  3 jackals (D:4)
  3 quokkas
  6 bats
  5 frilled lizards
  14 kobolds
  6 rats
107 creatures vanquished.

Notes
Turn   | Place    | Note
-------+----------+-------------------------------------------
     0 | D:1      | qw the Deep Elf Hunter began the quest for the Orb.
     0 | D:1      | Reached XP level 1. HP: 12/12 MP: 3/3
     0 | D:1      | 0 ||| qw: Version: 0.3-a-9-g12657ce
     0 | D:1      | 0 ||| qw: Game counter: 3855
     0 | D:1      | 0 ||| qw: Always use a shield: true
     0 | D:1      | 0 ||| qw: God list: Okawaru
     0 | D:1      | 0 ||| qw: Allow faded altars: false
     0 | D:1      | 0 ||| qw: Do Orc after D:15 true
     0 | D:1      | 0 ||| qw: Do second Lair branch before Depths: true
     0 | D:1      | 0 ||| qw: Lair rune preference: random
     0 | D:1      | 0 ||| qw: Plans: Normal
     0 | D:1      | 0 ||| PLANNING D:1-11
    55 | D:1      | Reached skill level 6 in Ranged Weapons
    55 | D:1      | Reached XP level 2. HP: 16/16 MP: 4/4
    84 | D:1      | 84 ||| FLEEEEING.
    85 | D:1      | 85 ||| FLEEEEING.
   400 | D:1      | Reached XP level 3. HP: 20/20 MP: 5/5
   589 | D:1      | Found a faded altar of an unknown god.
   695 | D:1      | 695 ||| UPGRADING to +0 cloak.
   700 | D:1      | 700 ||| READING 3 scrolls labelled EXZAES FAOX.
   701 | D:1      | 701 ||| READING scroll labelled HADISS PYNLO.
   702 | D:1      | 702 ||| READING scroll labelled UZELYR ZOHO.
   703 | D:1      | 703 ||| READING scroll labelled CAG LIAR VAQOL.
   704 | D:1      | 704 ||| READING 2 scrolls of identify.
   704 | D:1      | 704 ||| IDENTIFYING grey potion
   705 | D:1      | 705 ||| DROPPING scroll of butterflies.
   706 | D:1      | 706 ||| DROPPING potion of lignification.
   815 | D:2      | Reached skill level 7 in Ranged Weapons
   835 | D:2      | Found a shadowy altar of Dithmenos.
  1070 | D:2      | Reached XP level 4. HP: 25/25 MP: 6/6
  1271 | D:2      | Found a runed translucent door.
  1272 | D:2      | Noticed Crazy Yiuf
  1420 | D:2      | Noticed Jessica
  1421 | D:2      | 1421 ||| Stepping ~*~*~tactically~*~*~ (outnumbered).
  1425 | D:2      | Killed Jessica
  1524 | D:2      | 1524 ||| UPGRADING to +2 pair of gloves.
  1529 | D:2      | 1529 ||| UPGRADING to +0 scale mail.
  1539 | D:2      | 1539 ||| DROPPING +0 leather armour.
  1540 | D:2      | 1540 ||| READING scroll labelled FENNO TYRRA.
  1541 | D:2      | 1541 ||| READING scroll labelled IHIPOM AZAM.
  1542 | D:2      | 1542 ||| READING scroll labelled VOLYAPOJYF.
  1543 | D:2      | 1543 ||| READING scroll labelled SILIOTR VAEPN.
  1601 | D:2      | 1601 ||| READING scroll labelled OTHERI TOEMAR.
  1602 | D:2      | 1602 ||| DRINKING 3 fizzy puce potions.
  1638 | D:3      | Reached skill level 8 in Ranged Weapons
  1750 | D:3      | Found a sparkling altar of Nemelex Xobeh.
  2008 | D:3      | Reached skill level 1 in Armour
  2274 | D:3      | 2274 ||| UPGRADING to +5 ring of evasion.
  2275 | D:3      | 2275 ||| READING 3 scrolls of identify.
  2275 | D:3      | 2275 ||| IDENTIFYING clear potion
  2276 | D:3      | 2276 ||| READING 2 scrolls of identify.
  2276 | D:3      | 2276 ||| IDENTIFYING fizzy coppery potion
  2277 | D:3      | 2277 ||| DROPPING potion of ambrosia.
  2374 | D:4      | Found Kozeloet's Weapon Boutique.
  2412 | D:4      | Found a staircase to the Ecumenical Temple.
  2413 | D:4      | 2413 ||| PLANNING TEMPLE
  2421 | Temple   | Entered the Ecumenical Temple
  2463 | Temple   | 2463 ||| PLANNING OKAWARU WORSHIP
  2841 | Temple   | Became a worshipper of Warmaster Okawaru
  2842 | Temple   | 2842 ||| PLANNING D:1-11
  2944 | D:4      | Noticed a water moccasin
  2952 | D:4      | HP: 6/25 [water moccasin (8)]
  2953 | D:4      | 2953 ||| DRINKING 2 potions of heal wounds.
  2956 | D:4      | Killed a water moccasin
  2957 | D:4      | Reached skill level 9 in Ranged Weapons
  2957 | D:4      | Reached XP level 5. HP: 8/29 MP: 7/7
  2957 | D:4      | HP: 7/29 [poisoned by a water moccasin]
  2962 | D:4      | HP: 4/29 [poisoned by a water moccasin]
  3089 | D:4      | Reached XP level 6. HP: 35/35 MP: 8/8
  3755 | D:4      | 3755 ||| UPGRADING to +0 ring mail.
  3765 | D:4      | 3765 ||| DROPPING +0 scale mail.
  3812 | D:5      | Entered Level 5 of the Dungeon
  3903 | D:5      | Reached skill level 10 in Ranged Weapons
  4213 | D:5      | HP: 7/29 [wight/+2 falchion (5)]
  4214 | D:5      | 4214 ||| READING scroll of teleportation.
  4214 | D:5      | HP: 3/28 [wight/+2 falchion (1)]
  4215 | D:5      | 4215 ||| DRINKING potion of heal wounds.
  4301 | D:5      | Reached skill level 3 in Dodging
  4363 | D:5      | Reached * piety under Okawaru
  4364 | D:5      | Reached XP level 7. HP: 12/38 MP: 9/9
  4583 | D:5      | Reached skill level 1 in Invocations
  4608 | D:5      | 4608 ||| INVOKING Heroism.
  4609 | D:5      | 4609 ||| INVOKING Heroism.
  4610 | D:5      | 4610 ||| INVOKING Heroism.
  4839 | D:5      | 4839 ||| INVOKING Heroism.
  4842 | D:5      | Reached skill level 11 in Ranged Weapons
  4931 | D:5      | 4931 ||| INVOKING Heroism.
  5001 | D:5      | Reached skill level 3 in Invocations
  5016 | D:5      | 5016 ||| INVOKING Heroism.
  5109 | D:5      | Found an ancient bone altar of Kikubaaqudgha.
  5117 | D:5      | Reached XP level 8. HP: 44/44 MP: 12/12
  5117 | D:5      | 5117 ||| DROPPING +6 ring of intelligence.
  5118 | D:5      | 5118 ||| READING scroll labelled JOWNOCV IREISE.
  5195 | D:5      | 5195 ||| READING scroll labelled CIHEIN TIHONAETS.
  5196 | D:5      | 5196 ||| READING scroll labelled OHYERODAET.
  5197 | D:5      | 5197 ||| READING 2 scrolls of identify.
  5197 | D:5      | 5197 ||| IDENTIFYING viscous orange potion
  5198 | D:5      | 5198 ||| DROPPING potion of attraction.
  5250 | D:6      | Found a basalt altar of Yredelemnul.
  5322 | D:6      | Reached skill level 12 in Ranged Weapons
  5361 | D:6      | 5361 ||| Stepping ~*~*~tactically~*~*~ (outnumbered).
  5364 | D:6      | 5364 ||| Stepping ~*~*~tactically~*~*~ (outnumbered).
  5371 | D:6      | 5371 ||| INVOKING Heroism.
  5380 | D:6      | HP: 9/45 [poisoned by a water moccasin]
  5381 | D:6      | HP: 3/45 [something (3)]
  5382 | D:6      | Succumbed to a water moccasin's poison

Levels and vault maps discovered:
D:1:      grunt_arrival_crossed_arrows, layout_basic,
          chequers_ecumenical_altar_grove, minmay_distorted
D:2:      minmay_wonky_spiral, layout_basic, basic_altar, uniq_jessica,
          uniq_crazy_yiuf_cottage
D:3:      layout_basic, mainiacjoe_overflow_alcove_1
D:4:      layout_gridville, minmay_temple_entry_tees, serial_shops, shop,
          serial_park_tiny_2
D:5:      layout_gridville, lemuel_mausoleum_altar_kikubaaqudgha
D:6:      layout_loops_cross, yredelemnul_altar_generic, minivault_1
Temple:   minmay_temple_forest_path

Skill      XL: |  1  2  3  4  5  6  7  8 |
---------------+-------------------------+-----
Ranged Weapons | 6 7 9 10 11 12 | 12.0
Armour         | 1 |  1.0
Fighting       | 2 |  2.4
Dodging        | 3 |  3.2
Invocations    | 3 4 |  4.0
Stealth        | |  1.2

Action                     |  1- 3 |  4- 6 |  7- 9 || total
---------------------------+-------+-------+-------++-------
   Fire: Shortbow          |   132 |   184 |   141 ||   457
 Invoke: Heroism           |       |       |     5 ||     5
    Use: Scroll            |     5 |     8 |     4 ||    17
         Potion            |       |     3 |       ||     3
 Armour: Leather armour    |    13 |     2 |       ||    15
         Scale mail        |       |    39 |       ||    39
         Ring mail         |       |     9 |    32 ||    41
  Dodge: Dodged            |    30 |    81 |    95 ||   206

Table legend:
 A = Non-vault XP
 B = Vault XP
 C = Vault XP percentage of total XP
 D = Non-vault monster count
 E = Vault monster count
 F = Vault count percentage of total count
                 A         B        C        D         E       F
            +---------+---------+-------+---------+---------+-------
      Total |    1135 |     573 |  33.5 |      89 |      18 |  16.8
            +---------+---------+-------+---------+---------+-------
        D:1 |      47 |       6 |  11.3 |      24 |       3 |  11.1
        D:2 |      45 |      41 |  47.7 |      17 |       4 |  19.0
        D:3 |      50 |       0 |   0.0 |      23 |       0 |   0.0
        D:4 |     204 |       0 |   0.0 |       9 |       0 |   0.0
        D:5 |     545 |     526 |  49.1 |      12 |      11 |  47.8
        D:6 |     244 |       0 |   0.0 |       4 |       0 |   0.0
            +---------+---------+-------+---------+---------+-------
